 Dungeon Crawl Stone Soup version 0.23-b1-3-gdda8187c6f (webtiles) character file.

Game seed: 11198006789511973169

62 KamiKatze the Skirmisher (level 4, -4/40 HPs)
             Began as a Ghoul Fighter on Feb 1, 2019.
             Slain by Sigmund
             ... wielding a +0 scythe
              (8 damage)
             ... on level 2 of the Dungeon.
             The game lasted 00:03:54 (965 turns).

KamiKatze the Skirmisher (Ghoul Fighter)             Turns: 965, Time: 00:03:55

Health: -4/40      AC:  8    Str: 25    XL:     4   Next: 8%
Magic:  3/3        EV:  7    Int:  3    God:
Gold:   30         SH:  9    Dex:  8    Spells: 3/3 levels left

rFire    . . .     SeeInvis .     - Unarmed
rCold    + . .     Gourm    .   b - +0 shield
rNeg     + + +     Faith    .   a - +0 scale mail
rPois    ∞         Spirit   .   (no helmet)
rElec    .         Reflect  .   (no cloak)
rCorr    .         Harm     .   l - +1 pair of gloves
MR       .....                  (no boots)
Stlth    ..........             (no amulet)
HPRegen  0.00/turn              (no ring)
MPRegen  0.08/turn              (no ring)

@: mighty, rotting, slowed, very slow
A: rotting body, claws 1, carnivore, cold resistance 1, negative energy
resistance 3, inhibited regeneration, torment resistance, unbreathing
a: no special abilities


You were on level 2 of the Dungeon.
You were not hungry.

You visited 1 branch of the dungeon, and saw 2 of its levels.

You collected 30 gold pieces.

Inventory:

Missiles
 e - 51 stones (quivered)
Armour
 a - a +0 scale mail (worn)
 b - a +0 shield (worn)
 l - a +1 pair of gloves (worn)
Scrolls
 f - 2 scrolls of identify {unknown}
 h - a scroll of remove curse {unknown}
 j - a scroll of teleportation {unknown}
Potions
 g - a potion of lignification {unknown}
 i - 2 potions of curing
 k - a potion of brilliance {unknown}
Comestibles
 d - a ration


   Skills:
 + Level 3.7 Fighting
 + Level 3.1 Armour
 + Level 3.1 Shields
 * Level 3.4 Unarmed Combat


You had 3 spell levels left.
You didn't know any spells.
Your spell library was empty.

Dungeon Overview and Level Annotations

Branches:
Dungeon (2/15)

Altars:

Annotations:
D:2 Sigmund


Innate Abilities, Weirdness & Mutations

Your body is rotting away.
You thrive on raw meat.
You are immune to poison.
You have sharp fingernails.
You are carnivorous and can eat meat at any time.
Your flesh is cold resistant. (rC+)
You are immune to negative energy. (rN+++)
You do not regenerate when monsters are visible.
You are immune to unholy pain and torment.
You can survive without breathing.


Message History

You kill Jessica!
You have reached level 4!
Something hits you. You block the rat's attack. The rat barely misses you.
Something completely misses you.
Your shield and scale mail prevent you from hitting the rat.
You block the rat's attack.
You hear some strange, mumbled words.
A puff of flame appears from out of thin air!
The puff of flame hits you. You block the rat's attack.
You hit the rat.
You kill the rat!
You block something's attack. Something hits you.
You see here a rat corpse.
You punch something! Something hits you.
* * * LOW HITPOINT WARNING * * *
You miss something. Something hits you!
* * * LOW HITPOINT WARNING * * *
You punch something! Something hits you!
You die...

#.#........ #..
....#....###.#
#.. ..........
...#........##
#......##...# ##
#..#........#
...#...........
............#
......{@..####>.
.......)<......#
................
................
................
##......#......#
........#.####.#
##......#.# .
#...... +# ###


There were no monsters in sight!

Vanquished Creatures
  Jessica (D:2)
  An adder (D:2)
  A dart slug (D:2)
  A leopard gecko (D:1)
  A bat (D:1)
  2 giant cockroaches (D:1)
  3 goblins (D:1)
  7 hobgoblins (D:1)
  A kobold (D:1)
  A frilled lizard (D:1)
  4 rats
23 creatures vanquished.

Notes
Turn   | Place    | Note
-------+----------+-------------------------------------------
     0 | D:1      | KamiKatze the Ghoul Fighter began the quest for the Orb.
     0 | D:1      | Reached XP level 1. HP: 19/19 MP: 0/0
   140 | D:1      | Reached XP level 2. HP: 26/26 MP: 1/1
   873 | D:2      | Reached XP level 3. HP: 25/30 MP: 2/2
   948 | D:2      | Noticed Jessica
   948 | D:2      | Noticed Sigmund
   959 | D:2      | Killed Jessica
   959 | D:2      | Reached XP level 4. HP: 23/40 MP: 3/3
   965 | D:2      | Slain by Sigmund

Skill      XL: |  1  2  3 |
---------------+----------+-----
Unarmed Combat | 3 |  3.4
Armour         | 3 |  3.1
Shields        | 3 |  3.1
Fighting       | |  3.7

Action                   |  1- 3 |  4- 6 || total
-------------------------+-------+-------++-------
Melee: Unarmed           |    94 |     5 ||    99
  Use: Potion            |     1 |       ||     1
  Eat: Chunk             |    15 |       ||    15
Armor: Scale mail        |    38 |       ||    38
Dodge: Dodged            |    20 |     2 ||    22
Block: Shield            |    33 |     4 ||    37
